 Dungeon Crawl Stone Soup version 0.31.0-32-g396128a36d (webtiles) character file.

Game seed: 17127925958358302926

604 KittyFluff the Ruffian (level 7, -14/67 HPs)
             Began as a Troll Shapeshifter on Apr 3, 2024.
             Was an Initiate of Trog.
             Demolished by an ogre
             ... wielding a +0 giant spiked club
              (28 damage)
             ... on level 5 of the Dungeon.
             The game lasted 00:12:27 (3349 turns).

KittyFluff the Ruffian (Troll Shapeshifter)         Turns: 3349, Time: 00:12:28

Health: -14/67     AC: -2    Str: 25    XL:     7   Next: 18%
Magic:  6/6        EV: 10    Int:  6    God:    Trog [......]
Gold:   211        SH:  0    Dex:  9    Spells: 6/6 levels left

rFire   . .          .
                       - Unarmed
rCold   . . .        (no shield)
rNeg    . . .        q - +2 robe {Will+}
rPois   .            (helmet currently unavailable)
rElec   .            (cloak currently unavailable)
rCorr   .            (gloves unavailable)
SInv    .            (boots unavailable)
Will    +....        (no amulet)
Stlth   +            g - ring of flight
HPRegen 1.11/turn    (no ring)
MPRegen 0.10/turn

%: no passive effects
@: beast-form, corroded, flying
A: beast (slay +2), large, unfitting armour, claws 3, regeneration 1, shaggy fur
1, tough skin 1
a: Begin Untransformation, Renounce Religion


You were on level 5 of the Dungeon.
You worshipped Trog.
Trog was noncommittal.
You were a hulking beast.
You visited 2 branches of the dungeon, and saw 6 of its levels.

You collected 211 gold pieces.

Inventory:

Hand Weapons
 t - a +0 whip
 x - a +2 flail of protection
Missiles
 e - 42 stones (quivered)
 s - 3 boomerangs
Armour
 q - a +2 robe of willpower (worn)
 u - a +1 helmet
Jewellery
 g - a ring of flight (left claw)
Talismans
 c - a beast talisman
 d - a flux talisman
Wands
 j - a wand of light (8)
Scrolls
 a - a scroll of fear {unknown}
 f - 2 scrolls of blinking {unknown}
 h - 2 scrolls of enchant armour {unknown}
 i - a scroll of immolation {unknown}
 m - a scroll of noise {unknown}
 o - 2 scrolls of enchant weapon {unknown}
 p - a scroll of torment {unknown}
 w - a scroll of identify {unknown}
Potions
 b - 5 potions of lignification
 k - 2 potions of mutation {unknown}
 l - a potion of haste {unknown}
 n - a potion of curing {unknown}
 r - a potion of brilliance {unknown}
 v - a potion of might {unknown}
 z - a potion of attraction {unknown}


   Skills:
 + Level 3.1 Fighting
 + Level 3.5 Dodging
 + Level 4.8 Unarmed Combat
 + Level 4.6 Shapeshifting


You had 6 spell levels left.
You didn't know any spells.
Your spell library contained the following spells:

 Spells                   Type           Power      Damage    Failure   Level
 Call Canine Familiar     Summ           0%         N/A       83%         3
 Gell's Gravitas          Tloc           0%         N/A       83%         3
 Sigil of Binding         Hex            0%         N/A       83%         3
 Teleport Other           Tloc           0%         N/A       83%         3
 Dimensional Bullseye     Hex/Tloc       0%         N/A       99%         4
 Dispersal                Tloc           0%         N/A       100%        6


Dungeon Overview and Level Annotations

Branches:
Dungeon (5/15)             Temple (1/1) D:4

Altars:
Ashenzari
Dithmenos
Fedhas
Gozag
Kikubaaqudgha
Makhleb
Nemelex Xobeh
Qazlal
Ru
Sif Muna
Trog
Uskayaw
Zin
The Shining One

Shops:
D:1 (


Innate Abilities, Weirdness & Mutations

You are a hulking beast.
Your limbs bulge with bestial killing power. (Slay +2)
You are too large for most types of armour.
You have claws for hands.
Your natural rate of healing is unusually fast.
You are covered in fur. (AC +1)
You have tough skin. (AC +1)


Message History

The jelly quivers.
An ogre comes into view. It is wielding a +0 giant spiked club.
The ogre shouts!
Throw: 45 stones
Press: ? - help, Q - select action, (/) - cycle Shift-Dir - straight line, f - jelly
Aim: a jelly (89% to hit)
You throw a stone. The stone hits the jelly.
The jelly is moderately wounded.
Throw: 44 stones
Press: ? - help, Q - select action, (/) - cycle Shift-Dir - straight line, f/p - jelly
Aim: a jelly (moderately wounded, 88% to hit)
You throw a stone. The stone barely misses the jelly.
Throw: 43 stones
Press: ? - help, Q - select action, (/) - cycle Shift-Dir - straight line, f/p - jelly
Aim: a jelly (moderately wounded, 89% to hit)
You throw a stone. The stone hits the jelly.
The jelly is moderately wounded.
You scratch the jelly.
Your claws burn!
The jelly is heavily wounded.
The jelly hits you. The acid corrodes you!
You are splashed with acid!
You barely miss the jelly.
The jelly is heavily wounded.
The jelly misses you.
You scratch the jelly. The acid corrodes you!
Your claws burn!
The jelly is almost dead.
The jelly hits you.
You are splashed with acid!
You claw the jelly!
You kill the jelly!
Trog accepts your kill.
You scratch the ogre but do no damage. The ogre closely misses you.
You completely miss the ogre. You claw the ogre!
The ogre is moderately wounded.
The ogre hits you with a +0 giant spiked club!!!
Ouch! That really hurt!
* * * LOW HITPOINT WARNING * * *
You scratch the ogre.
The ogre is heavily wounded.
The ogre hits you with a +0 giant spiked club!!
You die...

#......).......#
#........###.#.#
#........#
#..##########
#........#
##...........
#........#
#...##.=.O..
#........#
#.#.........
#........#
#.###..J....
########## #O#
..).... #h#
....## #.# ....
#.# ... ... ...
....# ....#
###.##


You could see an ogre.

Vanquished Creatures
  Sigmund (D:2)
  A water moccasin (D:5)
  An ogre (D:5)
  A scorpion (D:3)
  A jelly (D:5)
  An orc wizard (D:4)
  A sleepcap (D:4)
  5 adders
  4 dart slugs
  A ribbon worm (D:2)
  12 orcs
  5 ball pythons
  3 endoplasms
  2 giant cockroaches
  4 goblins
  3 hobgoblins
  A quokka (D:1)
  2 bats (D:1)
  2 kobolds
  A rat (D:3)
52 creatures vanquished.

Notes
Turn   | Place    | Note
-------+----------+-------------------------------------------
     0 | D:1      | KittyFluff the Troll Shapeshifter began the quest for the
                  | Orb.
     0 | D:1      | Reached XP level 1. HP: 18/18 MP: 0/0
   262 | D:1      | Found Suzuf's Weapon Shop.
   320 | D:1      | Reached skill level 1 in Fighting
   358 | D:1      | Reached XP level 2. HP: 27/27 MP: 1/1
  1128 | D:2      | Reached XP level 3. HP: 23/33 MP: 2/2
  1195 | D:2      | Found a shadowy altar of Dithmenos.
  1200 | D:2      | You are sucked into a shaft and drop 1 floor!
  1221 | D:3      | Noticed a scorpion
  1231 | D:3      | Killed a scorpion
  1232 | D:3      | Reached XP level 4. HP: 30/42 MP: 3/3
  1646 | D:2      | Noticed Sigmund
  1660 | D:2      | Killed Sigmund
  1661 | D:2      | Reached XP level 5. HP: 29/50 MP: 4/4
  1661 | D:2      | Reached XP level 6. HP: 34/59 MP: 5/5
  1726 | D:2      | Found a faded altar of an unknown god.
  2409 | D:3      | Found a faded altar of an unknown god.
  2414 | D:3      | Found a broken altar of Ashenzari.
  2978 | D:4      | Found a staircase to the Ecumenical Temple.
  2988 | Temple   | Entered the Ecumenical Temple
  3004 | Temple   | Became a worshipper of Trog the Wrathful
  3165 | D:5      | Entered Level 5 of the Dungeon
  3257 | D:5      | Noticed a water moccasin
  3264 | D:5      | Killed a water moccasin
  3288 | D:5      | Reached XP level 7. HP: 40/67 MP: 6/6
  3349 | D:5      | Demolished by an ogre

Illustrated notes

Levels and vault maps discovered:
D:1:      wander_arrival_estate, layout_basic, serial_shops,
          nicolae_shop_behind_doors, nicolae_houndstooth_variations
D:2:      layout_rooms, basic_altar, shapermc_ecumenical_altar_ellora,
          uniq_sigmund
D:3:      layout_basic, nicolae_overflow_ecumenical_swirl
D:4:      layout_loops_cross, minmay_temple_entry_gardened_gates
D:5:      layout_basic
Temple:   nicolae_temple_god_jail

Skill      XL: |  1  2  3  4  5  6 |
---------------+-------------------+-----
Fighting       | 1 2 3 |  3.1
Dodging        | 2 3 |  3.5
Unarmed Combat | 4 |  4.8
Shapeshifting  | 4 |  4.6

Action                     |  1- 3 |  4- 6 |  7- 9 || total
---------------------------+-------+-------+-------++-------
  Melee: Unarmed           |    42 |    89 |     8 ||   139
         Punch             |     4 |     3 |       ||     7
  Throw: Stone             |       |     2 |     3 ||     5
 Armour: Animal skin       |    31 |    10 |       ||    41
         Robe              |       |    47 |     4 ||    51
  Dodge: Dodged            |    18 |    33 |     2 ||    53
